 Dungeon Crawl Stone Soup version 0.26-a0-835-g8259106e14 (webtiles) character file.

Game seed: 855435427198271208

19 Baz the Sneak (level 2, 0/12 HPs)
             Began as a Felid Wanderer on Nov 17, 2020.
             Slain by a kobold
             ... wielding a +0 short sword
              (1 damage)
             ... on level 1 of the Dungeon.
             The game lasted 00:01:09 (477 turns).

Baz the Sneak (Felid Wanderer)                       Turns: 477, Time: 00:01:10

Health: 0/12       AC:  1    Str:  6    XL:     2   Next: 55%
Magic:  6/6        EV: 17    Int: 15    God:
Gold:   35         SH:  0    Dex: 15    Spells: 5/5 levels left
                                        Lives:  0   Deaths: 0

rFire    . . .     SeeInvis +     - Unarmed
rCold    . . .     Faith    .   (shield unavailable)
rNeg     . . .     Spirit   .   (armour unavailable)
rPois    .         Reflect  .   (helmet unavailable)
rElec    .         Harm     .   (cloak unavailable)
rCorr    .         Rampage  .   (gloves unavailable)
MR       .....                  (boots unavailable)
Stlth    ++++......             (no amulet)
HPRegen  0.04/turn              (no ring)
MPRegen  0.10/turn              (no ring)

@: quick
A: very small, no armour, no weapons or thrown items, stealth, claws 1, fangs 3,
see invisible, speed 1, shaggy fur 1, sharp paws
a: no special abilities


You were on level 1 of the Dungeon.
You visited 1 branch of the dungeon, and saw 1 of its levels.

You collected 35 gold pieces.

Inventory:

Scrolls
 b - a scroll of teleportation
 d - a scroll of remove curse {unknown}
Potions
 a - a potion of haste
 c - a potion of curing


   Skills:
 + Level 1.2 Fighting
 * Level 2.3 Dodging
 * Level 5.7 Stealth
 + Level 1.3 Unarmed Combat
 - Level 2.0 Spellcasting
 - Level 1.5 Hexes


You had 5 spell levels left.
You didn't know any spells.
Your spell library was empty.

Dungeon Overview and Level Annotations

Branches:
Dungeon (1/15)

Altars:


Innate Abilities, Weirdness & Mutations

You cannot wear armour.
You are incapable of wielding weapons or throwing items.
Your paws allow you to move quietly. (Stealth)
You have sharp claws.
You have razor-sharp teeth.
You have supernaturally acute eyesight. (SInv)
You cover ground quickly.
You are covered in fur. (AC +1)
Your sharp claws are effective at attacking unaware monsters.


Message History

A kobold comes into view. It is wielding a +0 short sword.
You barely miss the kobold.
The kobold shouts!
You bite the kobold, but do no damage. The kobold barely misses you.
You scratch the kobold but do no damage.
Your bite misses the kobold.
The kobold hits you with a +0 short sword.
You barely miss the kobold. The kobold barely misses you.
You closely miss the kobold. Your bite misses the kobold.
The kobold hits you but does no damage.
You scratch the kobold but do no damage.
The kobold closely misses you.
You barely miss the kobold. The kobold misses you.
You miss the kobold. Your bite misses the kobold.
The kobold hits you with a +0 short sword.
* * * LOW HITPOINT WARNING * * *
You scratch the kobold. Your bite misses the kobold.
The kobold is heavily wounded.
The kobold hits you with a +0 short sword.
You die...

#..# #####.#.# #.#####....
#..# #.#.######.# ....
#..## #.#.##.....# ..>#
#...# #.#.##.###.# .###
....# #.#.##.# #.# .#
#...# #.#.##.# #.. .#
#.############.#.##.# ###.
.. #.#..............K..#
.. #.#.###########.@####
.# #...# #).#### .# ##..#
#..(..# #..#######
##.###.# #........#
#..###.#
##.#####.####...##.# #.#
#...##..#..#.#
#.####...#..#.#...########
#.##......†#...#......#..


You could see a kobold.

Vanquished Creatures
  2 dart slugs (D:1)
  A leopard gecko (D:1)
  2 bats (D:1)
  A giant cockroach (D:1)
  2 goblins (D:1)
  2 hobgoblins (D:1)
  A frilled lizard (D:1)
  2 kobolds (D:1)
  A rat (D:1)
14 creatures vanquished.

Notes
Turn   | Place    | Note
-------+----------+-------------------------------------------
     0 | D:1      | Baz the Felid Wanderer began the quest for the Orb.
     0 | D:1      | Baz set off with the following items: a potion of haste, a
                  | scroll of teleportation, a potion of curing
     0 | D:1      | Reached XP level 1. HP: 9/9 MP: 4/4
    87 | D:1      | Reached XP level 2. HP: 12/12 MP: 6/6
   477 | D:1      | Slain by a kobold

Illustrated notes

Levels and vault maps discovered:
D:1:      scummos_arrival_star, layout_loops_ring

Skill      XL: |  1 |
---------------+----+-----
Dodging        | 2 |  2.3
Fighting       | |  1.2
Stealth        | |  5.7
Unarmed Combat | |  1.3
Spellcasting   | |  2.0
Hexes          | |  1.5

Action                   || total
-------------------------++-------
Melee: Unarmed           ||    49
       Bite              ||     5
 Stab: Sleeping          ||     3
Armor: Skin              ||     1
Dodge: Dodged            ||    32

Table legend: (Time is in decaauts)
 A = Elapsed time spent in this place.
 B = Non-inter-level travel time spent in this place.
 C = Inter-level travel time spent in this place.
 D = Time resting spent in this place.
 E = Time spent auto-exploring this place.
 F = Levels seen in this place.
 G = Mean time per level.
                   A        B        C        D        E       F      G
               +--------+--------+--------+--------+--------+-----+--------+
         Total |    428 |    428 |      0 |    190 |    129 |   1 |  428.0 |
       Dungeon |    428 |    428 |      0 |    190 |    129 |   1 |  428.0 |
               +--------+--------+--------+--------+--------+-----+--------+

Top non-repeatable levels by time:
     D:1: 428 daAuts
